 Dungeon Crawl Stone Soup version 0.30.0-29-ga12c61a403 (webtiles) character file.

Game seed: 8129052785924556098

4726 Bnni the Geomancer (level 10, -10/76 HPs)
             Began as a Formicid Earth Elementalist on June 20, 2023.
             Was a Follower of Cheibriados.
             Mangled by a +0 scimitar of chaos (11 damage)
             ... on level 7 of the Dungeon.
             The game lasted 00:19:55 (9357 turns).

Bnni the Geomancer (Formicid Earth Elementalist)    Turns: 9357, Time: 00:19:56

Health: -10/76     AC: 14    Str: 16    XL:     10   Next: 73%
Magic:  8/19       EV: 12    Int: 20    God:    Cheibriados [*.....]
Gold:   317        SH: 15    Dex: 16    Spells: 11/21 levels left

rFire   + + .        a - +0 flail (venom)
rCold   + . .        w - +0 tower shield
rNeg    . . .        B - +4 scale mail
rPois   +            (helmet unavailable)
rElec   +            J - +0 cloak
rCorr   +            F - +0 pair of gloves
SInv    +            (no boots)
Will    +....        G - amulet of faith
Stlth   +            e - ring of poison resistance
HPRegen 0.32/turn    H - ring of protection from fire
MPRegen 0.16/turn

%: faith
@: agile, resistant, studying Stealth, very slow
A: permanent stasis, dig shafts and tunnels, antennae 3, four strong arms
a: Dig, Shaft Self, Renounce Religion, Bend Time


You were on level 7 of the Dungeon.
You worshipped Cheibriados.
Cheibriados was aware of your devotion.
You visited 2 branches of the dungeon, and saw 8 of its levels.
You also visited: Ossuary.

You collected 417 gold pieces.
You spent 100 gold pieces at shops.

Inventory:

Hand Weapons
 a - a +0 flail of venom (weapon)
 h - a +2 long sword of holy wrath
Missiles
 n - a throwing net
 o - 2 poisoned darts
Armour
 s - an orb of wrath
 w - a +0 tower shield (worn)
 B - a +4 scale mail (worn)
 E - the +1 robe of Immorality {rC+++ Will- Int+5}
   (You found it on level 6 of the Dungeon)

   Int:       It affects your intelligence (+5).
   rC:        It renders you almost immune to cold.
   Will:      It decreases your willpower.
 F - a +0 pair of gloves (worn)
 J - a +0 cloak (worn)
Jewellery
 e - a ring of poison resistance (left hand)
 G - an amulet of faith (around neck)
 H - a ring of protection from fire (right hand)
Wands
 d - a wand of flame (7)
 D - a wand of acid (12)
Scrolls
 b - 2 scrolls of noise {unknown}
 j - 3 scrolls of magic mapping {unknown}
 k - 6 scrolls of teleportation {unknown}
 l - 3 scrolls of torment {unknown}
 m - a scroll of enchant weapon {unknown}
 p - 3 scrolls of immolation {unknown}
 r - 2 scrolls of fog {unknown}
 t - 3 scrolls of fear
 v - a scroll of amnesia
 x - 3 scrolls of enchant armour {unknown}
 y - 4 scrolls of blinking {unknown}
 z - 2 scrolls of poison {unknown}
 I - a scroll of vulnerability {unknown}
Potions
 c - 2 potions of might
 f - 4 potions of brilliance
 g - 2 potions of experience {unknown}
 i - 3 potions of haste {unknown}
 q - a potion of resistance {unknown}
 u - a potion of cancellation {unknown}
 A - 2 potions of curing
 C - a potion of attraction {unknown}


   Skills:
 + Level 6.0 Fighting
 + Level 5.5 Armour
 - Level 1.7 Dodging
 - Level 2.4 Stealth
 * Level 7.0 Shields
 + Level 6.0 Spellcasting
 - Level 3.0 Conjurations
 - Level 3.0 Transmutations
 * Level 10.4 Earth Magic
 + Level 4.9 Invocations


You had 11 spell levels left.
You knew the following spells:

 Your Spells              Type           Power      Damage    Failure   Level
a - Sandblast             Erth           94%        2d19      3%          1
b - Passwall              Tmut/Erth      26%        N/A       26%         2
c - Stone Arrow           Conj/Erth      64%        3d11      45%         3
d - Petrify               Tmut/Erth      32%        N/A       86%         4

Your spell library contained the following spells:

 Spells                   Type           Power      Damage    Failure   Level
 Momentum Strike          Conj/Tloc      24%        3d8       91%         2
 Apportation              Tloc           12%        N/A       95%         1
 Necrotise                Necr           24%        1d5       95%         1
 Summon Small Mammal      Summ           24%        N/A       95%         1
 Lesser Beckoning         Tloc           12%        N/A       99%         2
 Scorch                   Fire           12%        2d6       99%         2
 Flame Wave               Conj/Fire      12%        2d6       100%        4
 Manifold Assault         Tloc           6%         N/A       100%        4
 Summon Cactus Giant      Summ           3%         N/A       100%        6
 Storm Form               Tmut/Air       6%         N/A       100%        7
 Blink                    Tloc           Unusable   N/A       N/A         2

Dungeon Overview and Level Annotations

Branches:
Dungeon (7/15)             Temple (1/1) D:6         Ossuary (visited)

Altars:
Ashenzari
Cheibriados
Dithmenos
Makhleb
Sif Muna
Vehumet
Wu Jian
Xom
Yredelemnul
Zin

Shops:
D:4 **:   D:5 [=*:


Innate Abilities, Weirdness & Mutations

You cannot be hasted, slowed, berserked, paralysed or teleported.
You can dig through walls and to a lower floor.
You have a pair of large antennae on your head. (SInv)
Your four strong arms can wield two-handed weapons with a shield.


Message History

MartinW's ghost is almost destroyed.
You block the +0 scimitar of chaos's attack.
Aiming: Corrosive Bolt
Press: ? - help, Shift-Dir - straight line, f/p - +0 scimitar of chaos
Aim: a +0 scimitar of chaos (heavily damaged, 43% to hit)
The bolt of acid misses the +0 scimitar of chaos.
The bolt of acid hits MartinW's ghost!
MartinW's ghost seems to be corroded for longer.
You destroy MartinW's ghost!
Cheibriados appreciates the change of pace.
The +0 scimitar of chaos barely misses you.
You block the +0 scimitar of chaos's attack.
Your life force feels restored.
Your Fighting skill increases to level 6!
Your Shields skill increases to level 7!
Your Spellcasting skill increases to level 6!
Aiming: Corrosive Bolt
Press: ? - help, Shift-Dir - straight line, f/p - +0 scimitar of chaos
Aim: a +0 scimitar of chaos (heavily damaged, 43% to hit)
The bolt of acid misses the +0 scimitar of chaos.
You block the +0 scimitar of chaos's attack.
The +0 scimitar of chaos hits you.
* * * LOW HITPOINT WARNING * * *
Aiming: Sandblast (safe; 3% risk of failure)
Press: ? - help, Q - select action, (/) - cycle Shift-Dir - straight line, f/p - +0 scimitar of chaos
Aim: a +0 scimitar of chaos (heavily damaged, 69% to hit)
The blast of sand hits the +0 scimitar of chaos but does no damage.
The +0 scimitar of chaos is heavily damaged.
You block the +0 scimitar of chaos's attack.
The +0 scimitar of chaos barely misses you.
Okay, then.
Aiming: Sandblast (safe; 3% risk of failure)
Press: ? - help, Q - select action, (/) - cycle Shift-Dir - straight line, f/p - +0 scimitar of chaos
Aim: a +0 scimitar of chaos (moderately damaged, 69% to hit)
The blast of sand misses the +0 scimitar of chaos.
The +0 scimitar of chaos hits you!!
* * * LOW HITPOINT WARNING * * *
You feel protected. The +0 scimitar of chaos hits you!
You die...

......####..### #............
....### #### #..#......... ...##
#### ###.##......... ...##
##..####..####........ ....###
##........## ##..))...
......#####...##.#### ##......
..####........##.### ##.....
..######...........# ##.....
...)#####..###..@..########......
..........## ###(###..........#..
.....##...# #._.#...##...#..###
.....###### ##.##..####..##..##
.....# #########..## #..####.#
.....# #..........# ##.# ##.
.....# ##..#.......## #.# #.
.....####).####......## #.# ##
.....).....####.......# ##.# #


You could see a +0 scimitar of chaos.

Vanquished Creatures
  The ghost of MartinW the Thaumaturge, a novice DEFE of Vehumet (D:7)
  Maggie (D:6)
  4 yaks (D:7)
  A steam dragon (D:7)
  A water moccasin (D:5)
  6 ice beasts (D:6)
  2 orc warriors (D:7)
  A sky beast (D:7)
  2 centaurs (D:7)
  2 ogres
  Blork the orc (D:6)
  3 bullfrogs
  9 scorpions
  6 wights (D:7)
  A centaur zombie (Ossuary)
  5 human zombies (Ossuary)
  Ijyb (D:3)
  Natasha (thrice) (D:4)
  A gnoll bouda (D:6)
  3 sleepcaps
  An iguana (D:4)
  5 orc wizards
  4 scorpion zombies (Ossuary)
  3 mummies (Ossuary)
  13 gnolls
  4 adders
  3 white imps
  3 ufetubi
  5 dart slugs
  2 worms
  19 orcs
  8 ball pythons
  4 endoplasms
  A giant cockroach (D:4)
  6 goblins
  6 hobgoblins
  5 quokkas
  9 bats
  4 frilled lizards
  5 gnoll zombies (Ossuary)
  3 goblin zombies
  6 kobolds
  A kobold zombie (Ossuary)
  3 orc zombies (Ossuary)
  A quokka zombie (D:4)
  6 rats
184 creatures vanquished.

Notes
Turn   | Place    | Note
-------+----------+-------------------------------------------
     0 | D:1      | Bnni the Formicid Earth Elementalist began the quest for
                  | the Orb.
     0 | D:1      | Reached XP level 1. HP: 13/13 MP: 3/3
   118 | D:1      | Reached XP level 2. HP: 11/19 MP: 5/5
   128 | D:1      | Learned a level 2 spell: Passwall
   327 | D:1      | Reached skill level 4 in Earth Magic
   363 | D:1      | Reached XP level 3. HP: 25/25 MP: 6/6
   367 | D:1      | Reached skill level 1 in Conjurations
   438 | D:1      | Learned a level 3 spell: Stone Arrow
   971 | D:2      | Reached skill level 1 in Fighting
   994 | D:2      | Reached XP level 4. HP: 30/32 MP: 7/7
  1715 | D:2      | Noticed a scorpion
  1723 | D:2      | Killed a scorpion
  1724 | D:2      | Reached XP level 5. HP: 16/37 MP: 2/8
  2375 | D:3      | Found a shadowy altar of Dithmenos.
  2544 | D:3      | Noticed Ijyb
  2554 | D:3      | Killed Ijyb
  3173 | D:4      | Found a sand-covered staircase.
  3189 | Ossuary  | Entered an ossuary
  3251 | Ossuary  | Reached skill level 5 in Earth Magic
  3251 | Ossuary  | Reached XP level 6. HP: 26/44 MP: 5/10
  3258 | Ossuary  | HP: 2/44 [scorpion zombie (4)]
  3443 | Ossuary  | Reached XP level 7. HP: 28/50 MP: 11/11
  3655 | Ossuary  | Reached skill level 1 in Armour
  3774 | Ossuary  | Reached skill level 6 in Earth Magic
  3943 | Ossuary  | Reached XP level 8. HP: 52/58 MP: 7/13
  4277 | D:4      | Found Cuom's Assorted Antiques.
  4277 | D:4      | Found Keaghit's General Store.
  4312 | D:4      | Found Athruegekh's Book Shoppe.
  4337 | D:4      | Bought a scroll labelled GALAADDOCW for 20 gold pieces
  4337 | D:4      | Bought 3 scrolls labelled SAEFRO NOAS for 60 gold pieces
  4337 | D:4      | Bought a scroll labelled RUTWAA XOMOF DOH for 20 gold
                  | pieces
  4383 | D:4      | Noticed Natasha
  4387 | D:4      | Killed Natasha
  4461 | D:4      | Noticed Natasha
  4464 | D:4      | Killed Natasha
  4465 | D:4      | Reached skill level 7 in Earth Magic
  4477 | D:4      | Noticed Natasha
  4483 | D:4      | Killed Natasha
  5173 | D:4      | Learned a level 4 spell: Petrify
  5174 | D:5      | Entered Level 5 of the Dungeon
  5174 | D:5      | Found Ceggedo's General Store.
  5464 | D:5      | Found Fupsyux's Book Boutique.
  5532 | D:5      | Reached skill level 1 in Invocations
  5578 | D:5      | Found Woam's Armour Shoppe.
  5873 | D:5      | Found Somo's Jewellery Shop.
  6170 | D:5      | Reached skill level 8 in Earth Magic
  6170 | D:5      | Reached XP level 9. HP: 66/66 MP: 11/16
  6433 | D:6      | Noticed Blork the orc
  6439 | D:6      | Killed Blork the orc
  6440 | D:6      | Reached skill level 1 in Shields
  6518 | D:6      | Noticed Maggie
  6526 | D:6      | Killed Maggie
  6527 | D:6      | Reached skill level 5 in Spellcasting
  6947 | D:6      | Reached skill level 5 in Fighting
  6947 | D:6      | Reached skill level 9 in Earth Magic
  7010 | D:6      | Identified the +1 robe of Immorality {rC+++ Will- Int+5}
  7504 | D:6      | Found a staircase to the Ecumenical Temple.
  7521 | Temple   | Entered the Ecumenical Temple
  7600 | Temple   | Became a worshipper of Cheibriados the Contemplative
  7733 | D:7      | Reached XP level 10. HP: 72/74 MP: 12/18
  7734 | D:7      | Reached skill level 5 in Shields
  8025 | D:7      | Reached skill level 5 in Armour
  8379 | D:7      | Reached skill level 10 in Earth Magic
  8387 | D:7      | Reached * piety under Cheibriados
  8877 | D:7      | Found a runed translucent door.
  8877 | D:7      | Found a shimmering altar of Xom.
  8877 | D:7      | Noticed MartinW's ghost (novice DEFE)
  8877 | D:7      | Noticed a +0 scimitar of chaos
  9354 | D:7      | Killed MartinW's ghost
  9357 | D:7      | HP: 1/76 [+0 scimitar of chaos (18)]
  9357 | D:7      | Mangled by a +0 scimitar of chaos

Illustrated notes

Levels and vault maps discovered:
D:1:      shiori_shiawase, layout_basic, nicolae_figureground_pulse
D:2:      layout_basic, chequers_big_river
D:3:      layout_loops_ring, pf_just_have_faith, minivault_27, uniq_ijyb
D:4:      layout_cave_pods, enter_ossuary_4, nicolae_shop_distant_corner_stores,
          uniq_natasha
D:5:      layout_loops_corners, serial_shops, nicolae_shop_waterfront,
          shop_fountains, nicolae_shop_peninsula, nicolae_shop_gaudy_bauble,
          minmay_misc_feat_nine_boxes
D:6:      kennysheep_six_static_rooms, layout_rooms, minmay_temple_entry_fiery,
          chequers_jeans, hangedman_minor_gate_pass, uniq_maggie,
          uniq_blork_the_orc
D:7:      layout_layer_cave, ebering_ghost_xom, chequers_serial_rivers_large_b
Temple:   nicolae_temple_elliptical

Skill      XL: |  1  2  3  4  5  6  7  8  9 10 |
---------------+-------------------------------+-----
Earth Magic    | 4 5 6 8 9 10 | 10.4
Conjurations   | 1 2 3 |  3.0
Fighting       | 1 2 3 4 5 6 |  6.0
Transmutations | 2 3 |  3.0
Spellcasting   | 3 4 5 6 |  6.0
Armour         | 2 3 4 5 |  5.5
Invocations    | 2 3 4 |  4.9
Shields        | 4 7 |  7.0
Dodging        | |  1.7
Stealth        | |  2.4

Action                     |  1- 3 |  4- 6 |  7- 9 | 10-12 || total
---------------------------+-------+-------+-------+-------++-------
  Melee: Long sword        |    66 |    51 |    48 |       ||   165
         Mace              |     3 |       |       |       ||     3
         Punch             |       |     1 |       |       ||     1
         Flail             |       |    13 |     2 |     2 ||    17
  Throw: Throwing net      |       |     1 |       |       ||     1
         Dart              |       |       |     2 |       ||     2
   Cast: Sandblast         |     5 |    45 |   185 |    70 ||   305
         Stone Arrow       |       |     2 |       |       ||     2
Ability: Dig               |       |       |       |     1 ||     1
  Evoke: Wand              |       |       |       |     3 ||     3
    Use: Scroll            |       |     6 |     2 |       ||     8
         Potion            |       |     7 |     1 |       ||     8
   Stab: Sleeping          |     5 |     3 |     2 |       ||    10
         Distracted        |     1 |       |       |       ||     1
 Armour: Robe              |    11 |     6 |       |       ||    17
         Skin              |       |    40 |       |       ||    40
         Ring mail         |       |    39 |    18 |       ||    57
         Scale mail        |       |       |    42 |    17 ||    59
  Dodge: Dodged            |    53 |    64 |    85 |    19 ||   221
  Block: Tower shield      |       |       |       |     9 ||     9
